 Dungeon Crawl Stone Soup version 0.20.1-1-g8b1a95d (webtiles) character file.

1977 elite277 the Ducker (level 9, -3/66 HPs)
             Began as a Human Gladiator on Aug 17, 2017.
             Was an Initiate of Nemelex Xobeh.
             Slain by a sky beast (5 damage)
             ... on level 7 of the Dungeon.
             The game lasted 01:01:01 (6593 turns).

elite277 the Ducker (Human Gladiator)               Turns: 6593, Time: 01:01:02

Health: -3/66      AC: 13    Str: 15    XL:     9   Next: 43%
Magic:  15/15      EV:  7    Int:  8    God:    Nemelex Xobeh [......]
Gold:   303        SH: 14    Dex: 18    Spells: 13/16 levels left

rFire    . . .     SeeInvis .   q - +4 short sword
rCold    . . .     Gourm    .   B - +0 large shield {rPois}
rNeg     . . .     Faith    .   I - +0 chain mail
rPois    +         Spirit   .   c - +0 helmet
rElec    .         Reflect  .   (no cloak)
rCorr    .         Harm     .   (no gloves)
MR       +....                  v - +2 pair of boots
Stlth    ..........             (no amulet)
Regen    0.3/turn               p - ring of protection from magic
MPRegen  0.2/turn               h - +2 ring of evasion

@: no status effects
A: no striking features
a: Renounce Religion


You were on level 7 of the Dungeon.
You worshipped Nemelex Xobeh.
Nemelex Xobeh was noncommittal.
You were not hungry.

You visited 2 branches of the dungeon, and saw 8 of its levels.

You collected 413 gold pieces.
You spent 110 gold pieces at shops.

Inventory:

Hand Weapons
 a - a +1 trident
 i - a +0 dagger of electrocution
 q - a +4 short sword (weapon)
 x - a +4 flail of draining
Missiles
 j - 145 stones
 k - 6 curare-tipped needles
 s - a silver tomahawk (quivered)
 y - 16 sling bullets
Armour
 c - a +0 helmet (worn)
 v - a +2 pair of boots (worn)
 B - a +0 large shield of poison resistance (worn)
 I - a +0 chain mail (worn)
Jewellery
 h - a +2 ring of evasion (right hand)
 p - a ring of protection from magic (left hand)
 w - an uncursed ring of teleportation
 E - an uncursed ring of protection from magic
Wands
 H - a wand of random effects (25/48)
Scrolls
 d - a scroll of amnesia
 e - 3 scrolls of blinking
 g - 2 scrolls of magic mapping
 l - 4 scrolls of enchant armour
 n - 2 scrolls of remove curse
 o - 9 scrolls of identify
 D - a scroll of noise
Potions
 t - a potion of flight {unknown}
 C - a potion of curing
 F - a potion of agility
Books
 z - a book of Maledictions

   Spells                             Type                      Level
   a - Corona                         Hexes                        1
   b - Ensorcelled Hibernation        Hexes/Ice                    2
   c - Confuse                        Hexes                        3
   d - Tukima's Dance                 Hexes                        3
   e - Dazzling Spray                 Conjuration/Hexes            3
Miscellaneous
 m - a plain deck of destruction {drawn: 1}
Comestibles
 b - a royal jelly
 f - 5 bread rations
 r - a chunk of flesh
 A - 5 meat rations


   Skills:
 + Level 4.3 Fighting
 + Level 3.1 Short Blades
 - Level 4.5 Polearms
 - Level 2.3 Throwing
 + Level 4.3 Armour
 + Level 4.6 Dodging
 - Level 1.3 Stealth
 + Level 4.2 Shields
 + Level 4.0 Spellcasting
 - Level 4.0 Hexes


You had 13 spell levels left.
You knew the following spells:

 Your Spells              Type           Power        Failure   Level  Hunger
a - Confuse               Hex            #.......     100%        3    ###....


Dungeon Overview and Level Annotations

Branches:
Dungeon (7/15)             Temple (1/1) D:6

Altars:
Ashenzari
Cheibriados
Dithmenos
Elyvilon
Fedhas
Hepliaklqana
Kikubaaqudgha
Makhleb
Nemelex Xobeh
Okawaru
Sif Muna
Uskayaw
Vehumet
Xom
Yredelemnul
Zin

Shops:
D:4 =   D:5 %


Message History

Okay, then.
Evoke which item? (* to show all) (? for menu, Esc to quit)
You draw a card...
It is Wild Magic.
The air around the ogre burns with energy!
The sky beast glows momentarily.
You feel a surge of magic. You block the sky beast's attack.
You hit the ogre.
The ogre is almost dead.
You block the ogre's attack. You block the sky beast's attack.
It was a potion of cancellation.
Your magical effects are unravelling.
You feel magically purged.
You feel a little less agile now.
The ogre hits you with a giant spiked club!
* * * LOW HITPOINT WARNING * * *
The sky beast hits you.
* * * LOW HITPOINT WARNING * * *
The sky beast shocks you.
You die...
Your body disappears without a glow.

##### #.Y.#
#.O@#
.....(...#
##..(......
#..########
... #. #


You could see a sky beast and an ogre.

Vanquished Creatures
  The ghost of p0werm0de the Skirmisher, a novice DsFi (D:6)
  An ice beast (D:6)
  A necrophage (D:5)
  A phantom (D:5)
  2 ogres
  A centaur (D:6)
  The ghost of dscm the Digger, an amateur OpEE (D:4)
  3 bullfrogs
  2 scorpions
  2 howler monkeys
  3 orc priests
  2 centaur zombies (D:6)
  2 hounds
  A jelly (D:6)
  An iguana (D:5)
  4 orc wizards
  2 worker ants
  A hound skeleton (D:5)
  5 adders
  A shadow imp (D:5)
  2 oozes
  An adder zombie (D:6)
  2 worms (D:2)
  5 dart slugs
  4 leopard geckos
  17 orcs
  3 giant cockroaches
  4 goblins
  4 hobgoblins
  5 jackals
  5 kobolds
  3 quokkas
  7 bats
  4 frilled lizards
  A jackal skeleton (D:5)
  A jackal zombie (D:6)
  4 rats
109 creatures vanquished.

Notes
Turn   | Place    | Note
-------+----------+-------------------------------------------
     0 | D:1      | elite277 the Human Gladiator began the quest for the Orb.
     0 | D:1      | Reached XP level 1. HP: 16/16 MP: 1/1
   173 | D:1      | Reached XP level 2. HP: 16/22 MP: 2/2
   574 | D:1      | Reached XP level 3. HP: 27/27 MP: 3/3
  1395 | D:2      | Reached skill level 1 in Armour
  1427 | D:2      | Reached XP level 4. HP: 19/34 MP: 4/4
  1455 | D:2      | Reached skill level 1 in Stealth
  2621 | D:4      | Found a burning altar of Makhleb.
  2621 | D:4      | Noticed a cacodemon
  2624 | D:4      | Noticed a neqoxec
  2624 | D:4      | Noticed a ynoxinul
  2657 | D:4      | Reached XP level 5. HP: 40/40 MP: 5/5
  2829 | D:4      | Noticed an ogre
  2842 | D:4      | Killed an ogre
  2842 | D:4      | Reached skill level 1 in Shields
  2842 | D:4      | Reached XP level 6. HP: 28/47 MP: 6/6
  3338 | D:4      | Reached XP level 7. HP: 38/52 MP: 7/7
  3625 | D:5      | Entered Level 5 of the Dungeon
  3867 | D:4      | Found Vecil's Jewellery Boutique.
  3881 | D:4      | Bought a +2 ring of evasion for 110 gold pieces
  3894 | D:4      | Noticed dscm's ghost (amateur OpEE)
  3916 | D:4      | Killed dscm's ghost
  4436 | D:4      | Learned a level 3 spell: Confuse
  4553 | D:5      | Reached skill level 1 in Hexes
  4628 | D:5      | Reached skill level 1 in Spellcasting
  4678 | D:5      | Found Ukonteh's Food Shoppe.
  4749 | D:5      | Reached XP level 8. HP: 60/60 MP: 9/11
  5144 | D:6      | Reached skill level 1 in Short Blades
  5272 | D:6      | Noticed p0werm0de's ghost (novice DsFi)
  5293 | D:6      | Killed p0werm0de's ghost
  5293 | D:6      | Reached XP level 9. HP: 31/65 MP: 12/14
  5495 | D:6      | Found a staircase to the Ecumenical Temple.
  5533 | Temple   | Entered the Ecumenical Temple
  5879 | Temple   | Became a worshipper of Nemelex Xobeh the Trickster
  5922 | D:6      | Received a gift from Nemelex Xobeh
  6593 | D:7      | HP: 3/66 [ogre/giant spiked club (10)]
  6593 | D:7      | Slain by a sky beast

Skill      XL: |  1  2  3  4  5  6  7  8  9 |
---------------+----------------------------+-----
Armour         | 1 2 3 4 |  4.3
Stealth        | 1 |  1.3
Fighting       | 3 4 |  4.3
Shields        | 1 2 3 4 |  4.2
Polearms       | 4 |  4.5
Hexes          | 2 4 |  4.0
Spellcasting   | 2 3 4 |  4.0
Short Blades   | 2 3 |  3.1
Dodging        | 4 |  4.6
Throwing       | |  2.3

Action                   |  1- 3 |  4- 6 |  7- 9 || total
-------------------------+-------+-------+-------++-------
Melee: Trident           |    84 |   163 |   135 ||   382
       Short sword       |       |       |   152 ||   152
Throw: Throwing net      |     1 |     2 |       ||     3
       Stone             |       |    14 |     3 ||    17
       Tomahawk          |       |       |    22 ||    22
Evoke: Deck              |       |       |     1 ||     1
  Use: Potion            |       |     7 |     3 ||    10
       Scroll            |       |       |     9 ||     9
 Stab: Held in net/web   |       |     2 |       ||     2
       Distracted        |       |       |     1 ||     1
  Eat: Chunk             |     1 |     7 |    11 ||    19
Armor: Leather armour    |     5 |       |     3 ||     8
       Scale mail        |    24 |    35 |       ||    59
       Ring mail         |       |    16 |       ||    16
       Chain mail        |       |       |   125 ||   125
       Skin              |       |       |     2 ||     2
Dodge: Dodged            |    46 |    45 |    49 ||   140
Block: Large shield      |       |    61 |   206 ||   267
